Map: [ESL] Stargazers

Players

DaveUp

  • Race: Zerg Zerg
  • League: Silver
  • Spawn Location: 11:00

Nexo - Winner!

  • Race: Zerg Zerg
  • League: Diamond
  • Spawn Location: 1:00

VOD

Have the link to the VOD?

Description

Time

  • Played on: June 29, 2022, 3:34 p.m.
  • Length: 13:05
Show
View Real Time Build Order
Export as new Build Order

DaveUp Zerg 

Build Orders: Hatch First 

Get SALT Encoding   

  12  0:00  Drone  
  13  0:13  Overlord  
  13  0:16  Drone  
  14  0:31  Drone  
  14  0:32  Drone  
  16  0:44  Drone  
  17  0:54  Hatchery  
  16  0:59  Drone  
  17  1:12  Spawning Pool  
  17  1:13  Drone  
  17  1:16  Extractor  
  16  1:21  Drone  
  16  1:24  Drone  
  18  1:29  Drone  
  19  1:39  Drone  
  21  1:59  Queen  
  22  2:03  Overlord  
  22  2:15  Drone x2  
  24  2:20  Metabolic Boost  
  24  2:29  Drone x3  
  27  2:38  Drone  
  27  2:39  Drone  
  29  2:50  Queen  
  31  2:52  Drone x2  
  32  3:09  Zergling x6  
  35  3:16  Overlord, Drone  
  35  3:17  Overlord x2  
  36  3:34  Queen  
  38  3:43  Drone x2  
  38  3:44  Drone x2  
  38  3:45  Zergling x2  
  43  3:55  Extractor  
  42  3:58  Extractor  
  42  4:00  Roach Warren  
  40  4:10  Drone x3  
  40  4:11  Drone x3  
  44  4:25  Zergling x10  
  48  4:32  Drone  
  48  4:33  Drone x3  
  48  4:34  Drone  
  53  4:40  Zergling x2  
  53  4:41  Zergling x2  
  53  4:44  Overlord  
  55  4:51  Lair  
  55  5:29  Hatchery  
  55  5:33  Overlord x3  
  55  5:34  Overlord x2  
  55  5:35  Zergling x2, Roach x2  
  59  5:36  Roach  
  61  5:46  Roach  
  61  5:48  Roach x2  
  61  5:49  Overlord x2  
  63  6:43  Roach x2  
  63  6:44  Roach x7  
  63  6:45  Roach x3  
  82  6:58  Extractor  
  81  7:06  Roach x3  
  81  7:07  Roach x5  
  97  7:14  Glial Reconstitution  
  97  7:20  Evolution Chamber  
  97  7:22  Evolution Chamber  
  95  7:27  Baneling Nest, Drone x2  
  96  7:30  Roach  
  96  7:31  Roach x7  
  96  7:35  Overseer  
  96  7:36  Overseer  
  112  7:41  Roach x3  
  118  8:03  Zergling x2  
  118  8:04  Zergling x12  
  125  8:07  Zerg Missile Weapons Level 1  
  125  8:08  Zerg Ground Armor Level 1  
  125  8:11  Centrifugal Hooks  
  125  8:23  Drone x2  
  125  8:24  Overlord x3, Drone x2  
  125  8:25  Overlord x5  
  129  8:28  Baneling x3  
  129  8:29  Baneling x7  
  129  8:30  Baneling x5  
  129  8:33  Tunneling Claws  
  129  8:43  Roach x6  
  129  8:46  Roach  
  145  8:48  Roach  
  145  8:53  Extractor  
  144  8:55  Drone, Extractor  
  144  8:56  Drone x4  
  146  9:37  Drone  
  134  10:01  Roach x3  
  134  10:02  Roach x7  
  134  10:03  Roach x7  
  168  10:09  Burrow  
  168  10:13  Roach  
  168  10:14  Roach x7  
  178  10:15  Roach  
  186  10:40  Queen  
  121  11:44  Roach x24  
  85  12:24  Roach x4  
  85  12:25  Roach x5  
  79  12:35  Spore Crawler  
  77  12:38  Spore Crawler  
  77  12:39  Spore Crawler  
  74  12:45  Hatchery  
Show
View Real Time Build Order
Export as new Build Order

Nexo Zerg - Winner!

Build Orders: Hatch First 

Get SALT Encoding   

  12  0:00  Drone  
  13  0:08  Drone  
  14  0:17  Overlord  
  14  0:37  Drone  
  14  0:38  Drone  
  16  0:55  Hatchery  
  15  1:00  Drone  
  15  1:01  Drone x2  
  18  1:15  Spawning Pool  
  17  1:23  Drone  
  17  1:24  Drone  
  19  1:27  Extractor  
  18  1:35  Drone  
  19  1:40  Extractor  
  18  1:48  Drone  
  19  2:02  Queen  
  19  2:03  Zergling x2  
  22  2:15  Zergling x2  
  22  2:18  Hatchery  
  22  2:20  Drone  
  22  2:21  Drone  
  24  2:28  Drone  
  26  2:37  Baneling Nest, Drone  
  25  2:56  Zergling x2  
  25  2:57  Zergling x4  
  28  2:58  Overlord  
  27  3:13  Overlord x2  
  27  3:16  Queen  
  29  3:22  Metabolic Boost  
  29  3:33  Queen  
  30  3:47  Spine Crawler  
  29  4:04  Drone  
  29  4:05  Drone x7  
  36  4:32  Drone x8  
  44  4:40  Evolution Chamber  
  44  4:44  Pneumatized Carapace, Evolution Chamber  
  42  5:00  Drone  
  42  5:01  Drone x6  
  49  5:09  Overlord  
  49  5:13  Overlord x2, Drone  
  50  5:18  Zergling x2  
  50  5:19  Zergling x6  
  54  5:24  Extractor  
  54  5:27  Zerg Missile Weapons Level 1, Extractor  
  52  5:35  Roach Warren  
  51  5:37  Zergling x10  
  56  5:57  Baneling x3  
  56  5:58  Baneling  
  56  5:59  Baneling  
  56  6:01  Lair  
  56  6:03  Drone x10  
  66  6:05  Overlord  
  66  6:29  Drone  
  66  6:30  Drone x13  
  76  6:49  Zergling x8  
  79  6:57  Queen  
  79  7:00  Extractor  
  80  7:02  Extractor  
  79  7:26  Centrifugal Hooks, Spire  
  79  7:27  Hatchery  
  77  7:33  Overlord  
  77  7:34  Overlord x2  
  77  7:40  Zerg Ground Armor Level 1  
  77  7:41  Zerg Missile Weapons Level 2  
  77  7:48  Drone x7  
  84  8:05  Glial Reconstitution  
  84  8:07  Roach x2  
  84  8:08  Roach x4  
  96  8:13  Baneling x4  
  96  8:20  Zergling x6  
  99  8:31  Baneling x5  
  101  8:41  Roach x7  
  101  8:42  Roach x3  
  101  8:43  Overlord x2  
  119  8:57  Spine Crawler  
  119  8:58  Spine Crawler  
  119  8:59  Roach, Spine Crawler  
  119  9:01  Overlord x5  
  118  9:03  Spine Crawler  
  117  9:24  Tunneling Claws  
  113  9:45  Zergling x34  
  126  9:50  Baneling x4  
  126  9:51  Baneling x2  
  126  9:54  Drone  
  126  9:55  Drone x3  
  130  10:13  Mutalisk, Zerg Flyer Weapons Level 1  
  130  10:14  Mutalisk x6, Hatchery  
  130  10:17  Zerg Ground Armor Level 2  
  130  10:21  Hatchery  
  142  10:30  Roach x9  
  142  10:31  Roach x3  
  165  11:04  Mutalisk  
  165  11:05  Mutalisk x4  
  150  11:31  Mutalisk x8  
  156  11:44  Roach  
  156  11:45  Roach x7  
  170  11:50  Lair  
  170  12:00  Hatchery  
  161  12:24  Roach  
  161  12:25  Roach x2  
  161  12:28  Queen  
Tags
 
Add a new tag
Caveats
  • Supply blocks, unpowered buildings, or Contaminate may cause inaccurate times.
  • Supply counts are checked every 10 seconds.